 Dungeon Crawl Stone Soup version 0.29.1-13-g9f3cf754e1 (webtiles) character file.

Game seed: 590167986444512807

7821 Ayven the Transmogrifier (level 11, 0/76 HPs)
             Began as a Grey Draconian Transmuter on Feb 9, 2023.
             Was an Elder of Hepliaklqana.
             Succumbed to a hornet's poison
             ... on level 9 of the Dungeon.
             The game lasted 02:24:35 (11781 turns).

Ayven the Transmogrifier (DrTm)                    Turns: 11781, Time: 02:24:36

Health: 0/76       AC: 12    Str: 16    XL:     11   Next: 1%
Magic:  1/20       EV: 13    Int: 13    God:    Hepliaklqana [****..]
Gold:   453        SH:  0    Dex: 10    Spells: 12/22 levels left

rFire   . . .      SeeInvis +     - Unarmed
rCold   + + +      Faith    .   (no shield)
rNeg    . . .      Spirit   +   (body armour unavailable)
rPois   .          Reflect  .   (helmet restricted)
rElec   +          Harm     .   (no cloak)
rCorr   +          Rampage  .   (no gloves)
Will    +....                   (no boots)
Stlth   +.........              A - amulet of guardian spirit
HPRegen 0.22/turn               V - ring "Faefug" {rElec rC+++ Will+ rCorr Dex-3 SInv}
MPRegen 0.17/turn               h - ring of flight

@: lethally poisoned (0 -> -7), flying, hasted, very quick
A: reduced essence, AC +12, amphibious, unfitting armour, cold-blooded, stinger
1, cold resistance 1, screaming 1
a: Renounce Religion, Recall Ancestor, Ancestor Identity, Transference, Idealise


You were on level 9 of the Dungeon.
You worshipped Hepliaklqana.
Hepliaklqana was greatly pleased with you.
You visited 2 branches of the dungeon, and saw 11 of its levels.
You also visited: Ossuary.

You collected 537 gold pieces.
You spent 84 gold pieces at shops.

Inventory:

Hand Weapons
 i - a +3 spear
 s - a +6 morningstar of freezing
 t - a +1 hand axe of flaming
 M - a +2 short sword of freezing
 N - a +5 dire flail
 R - a +3 morningstar
 S - a +2 dagger of freezing
 T - a +3 spear
 U - a +3 dagger of draining
 W - a +3 dagger
 Y - a +3 dagger of freezing
Missiles
 b - 3 curare-tipped darts
Armour
 e - a +0 barding
 r - a +0 pair of boots
 O - a +2 robe of positive energy
Magical Staves
 c - a staff of death
 P - a staff of conjuration
Jewellery
 h - a ring of flight (right hand)
 q - an amulet of reflection
 w - a +6 ring of intelligence
 x - an amulet of faith
 y - a +4 ring of protection
 A - an amulet of guardian spirit (around neck)
 G - a ring of wizardry
 J - a ring of poison resistance
 K - a ring of wizardry
 V - the ring "Faefug" (left hand) {rElec rC+++ Will+ rCorr Dex-3 SInv}
   (You took it off an orc warrior on level 7 of the Dungeon)

   [ring of willpower]

   Dex:       It affects your dexterity (-3).
   rC:        It renders you almost immune to cold.
   rElec:     It insulates you from electricity.
   SInv:      It lets you see invisible.
   rCorr:     It protects you from acid and corrosion.
   Will:      It increases your willpower.
Wands
 o - a wand of polymorph (6)
 X - a wand of mindburst (6)
Scrolls
 d - 9 scrolls of teleportation
 j - 4 scrolls of fog
 k - a scroll of poison
 m - 3 scrolls of identify
 n - 3 scrolls of amnesia
 u - a scroll of enchant armour {unknown}
 B - 2 scrolls of immolation {unknown}
 C - 2 scrolls of blinking {unknown}
 F - a scroll of brand weapon {unknown}
 Q - 2 scrolls of torment {unknown}
 Z - a scroll of noise {unknown}
Potions
 a - a potion of lignification
 f - 6 potions of brilliance
 g - 2 potions of attraction
 v - 2 potions of resistance
 z - 3 potions of flight
 D - a potion of might
 E - a potion of haste
 H - 2 potions of invisibility {unknown}
 I - 2 potions of mutation
 L - 2 potions of degeneration {unknown}


   Skills:
 - Level 4.9 Fighting
 - Level 0.7 Short Blades
 - Level 4.4 Dodging
 - Level 0.4 Stealth
 - Level 1.4 Shields
 - Level 9.8 Unarmed Combat
 * Level 6.2 Spellcasting
 - Level 10.2 Transmutations
 - Level 3.5 Ice Magic
 - Level 1.0 Poison Magic
 - Level 1.3 Evocations


You had 12 spell levels left.
You knew the following spells:

 Your Spells              Type           Power      Damage    Failure   Level
a - Beastly Appendage     Tmut           60%        N/A       1%          1
b - Wereblood             Tmut           30%        N/A       1%          2
c - Ice Form              Ice/Tmut       21%        N/A       10%         4
d - Spider Form           Tmut/Pois      18%        N/A       4%          3

Your spell library contained the following spells:

 Spells                   Type           Power      Damage    Failure   Level
 Ignite Poison            Fire/Tmut/Pois 13%        N/A       11%         3
 Magic Dart               Conj           16%        1d3       17%         1
 Blink                    Tloc           8%         N/A       26%         2
 Searing Ray              Conj           8%         2d4       26%         2
 Conjure Flame            Conj/Fire      4%         6-21      45%         3
 Cause Fear               Hex            2%         N/A       86%         4
 Fulminant Prism          Conj/Hex       2%         3d6       86%         4
 Sticky Flame             Conj/Fire      4%         2d3       86%         4
 Dragon Form              Tmut           15%        N/A       91%         7
 Manifold Assault         Tloc           4%         N/A       99%         5
 Storm Form               Tmut/Air       8%         N/A       100%        7
 Dragon's Call            Summ           2%         N/A       100%        9


Dungeon Overview and Level Annotations

Branches:
Dungeon (10/15)            Temple (1/1) D:6            Lair (0/5) D:8
Ossuary (visited)
    Orc: D:9-12

Altars:
Ashenzari
Cheibriados
Dithmenos
Elyvilon
Fedhas
Gozag
Hepliaklqana
Kikubaaqudgha
Makhleb
Nemelex Xobeh
Okawaru
Qazlal
Ru
Sif Muna
Trog
Uskayaw
Vehumet
Wu Jian
Xom
Yredelemnul
Zin
The Shining One

Shops:
D:10 !

Annotations:
D:10 Gastronok


Innate Abilities, Weirdness & Mutations

Your life essence is reduced to manifest your ancestor. (-10% HP)
Your dull iron-grey scales are very hard. (AC +12)
You are amphibious.
You cannot fit into any form of body armour.
You are cold-blooded and may be slowed by cold attacks.
Your tail ends in a venomous barb.
Your flesh is cold resistant. (rC+)
You occasionally shout uncontrollably at your foes.


Message History

The hornet stings you!
* * * LOW HITPOINT WARNING * * *
You feel yourself slow down. The hornet closely misses you.
The hornet completely misses you. The hornet misses you.
Your transformation has ended.
You feel yourself speed up. The hornet completely misses you.
The hornet stings you.
* * * LOW HITPOINT WARNING * * *
You feel yourself slow down. The hornet stings you.
* * * LOW HITPOINT WARNING * * *
You feel as though you will be slow longer.
The hornet barely misses you.
You feel better. The hornet closely misses you. x3
You feel yourself speed up.
You feel yourself speed up. The hornet barely misses you.
The hornet stings you!
* * * LOW HITPOINT WARNING * * *
You feel yourself slow down.
You feel yourself speed up.
The hornet stings you but does no damage.
The hornet attacks as you move away! The hornet stings you!
* * * LOW HITPOINT WARNING * * *
You are lethally poisoned!
You feel yourself slow down.
Found a scroll of teleportation.
You feel yourself speed up.
* * * LOW HITPOINT WARNING * * *
You feel very sick. The hornet attacks as you move away! The hornet stings you.
* * * LOW HITPOINT WARNING * * *
You feel yourself slow down.
Found 20 gold pieces.
* * * LOW HITPOINT WARNING * * *
You feel sick.
There is a stone staircase leading up here.
You feel yourself speed up.
* * * LOW HITPOINT WARNING * * *
You feel sick.
The hornet stings you but does no damage.
You fly upwards.
You die...

.....#...#.......#
##.###...#########
#...#.......)...#
###.###########[#
#.......# #.#
#######.# #.# #.#
#.# #.# #.#
#.#####@#
#.##..y.#
#.##.#### #.##.#
#.##[#####
#.##.....#
#.######.#
#......R.#
########.#


You could see a hornet.

Vanquished Creatures
  A centaur warrior (D:10)
  A gargoyle (D:8)
  A komodo dragon (D:10)
  A slime creature (D:10)
  A dream sheep (D:8)
  2 wraiths (D:10)
  5 yaks (D:8)
  2 wargs (D:8)
  An acid dragon (D:9)
  A water moccasin (D:6)
  An orc warrior (D:9)
  An ice beast (D:8)
  A black bear (D:6)
  3 centaurs
  A phantom (D:6)
  A bullfrog (D:7)
  2 kobold brigands
  2 scorpions
  10 wights
  2 killer bees (D:10)
  2 electric eels (D:9)
  2 centaur zombies (Ossuary)
  2 jellies
  A hound (D:6)
  3 orc priests
  Natasha (D:2)
  2 orc wizards
  An ogre zombie (Ossuary)
  3 mummies (Ossuary)
  8 adders
  A shadow imp (D:7)
  A white imp (D:8)
  3 adder zombies (Ossuary)
  4 worms
  2 dart slugs
  12 orcs
  An endoplasm (D:1)
  3 giant cockroaches
  8 goblins
  7 hobgoblins
  8 quokkas
  7 ball pythons
  3 bats
  2 frilled lizards (D:2)
  A goblin zombie (Ossuary)
  2 hobgoblin zombies (Ossuary)
  12 kobolds
  4 kobold zombies (Ossuary)
  2 orc zombies (Ossuary)
  2 quokka zombies (Ossuary)
  5 rats
  4 rat zombies (Ossuary)
159 creatures vanquished.

Vanquished Creatures (collateral kills)
  A troll (D:10)
  Prince Ribbit (D:6)
  A hornet (D:8)
  A yak (D:8)
  A steam dragon (D:9)
  A warg (D:8)
  A water moccasin (D:9)
  2 orc warriors
  An ogre (D:5)
  A centaur (D:6)
  A kobold brigand (D:7)
  Blork the orc (D:6)
  A scorpion (D:6)
  11 wights
  4 killer bees
  A centaur zombie (Ossuary)
  A human zombie (Ossuary)
  An orc priest (D:8)
  Natasha (D:2)
  4 orc wizards
  An ogre zombie (Ossuary)
  4 mummies (Ossuary)
  3 gnolls (D:6)
  2 adders
  A shadow imp (D:7)
  An adder zombie (Ossuary)
  A worm (D:2)
  10 orcs
  A ball python (D:4)
  3 endoplasms
  2 hobgoblins
  A frilled lizard (D:2)
  A goblin zombie (Ossuary)
  7 kobolds
  2 quokka zombies (Ossuary)
  3 rats (D:3)
  2 rat zombies (Ossuary)
82 creatures vanquished.

Vanquished Creatures (others)
  4 battlemagi
  11 fungi (D:10)
  5 toadstools (D:10)
20 creatures vanquished.

Grand Total: 261 creatures vanquished

Notes
Turn   | Place    | Note
-------+----------+-------------------------------------------
     0 | D:1      | Ayven the Draconian Transmuter began the quest for the Orb.
     0 | D:1      | Reached XP level 1. HP: 16/16 MP: 3/3
   436 | D:1      | Reached XP level 2. HP: 18/23 MP: 5/5
  1130 | D:1      | Reached XP level 3. HP: 28/28 MP: 6/6
  1713 | D:2      | Found a faded altar of an unknown god.
  1720 | D:2      | Prayed at the altar of an unknown god.
  1720 | D:2      | Became a worshipper of Hepliaklqana the Forgotten
  1720 | D:2      | Reached * piety under Hepliaklqana
  2134 | D:2      | Noticed Natasha
  2144 | D:2      | Learned a level 2 spell: Wereblood
  2156 | D:2      | Killed Natasha
  2157 | D:2      | Reached XP level 4. HP: 27/31 MP: 3/7
  2302 | D:2      | Identified the +1 robe of the Hot Ocelot {*Corrode Int+2
                  | Dex+6 Archmagi}
  2439 | D:2      | Noticed Natasha
  2449 | D:2      | Killed Natasha
  2450 | D:2      | Reached XP level 5. HP: 33/36 MP: 6/8
  2976 | D:3      | Found a faded altar of an unknown god.
  2987 | D:3      | Found a broken altar of Ashenzari.
  3325 | D:4      | Reached ** piety under Hepliaklqana
  3327 | D:4      | Remembered your ancestor SasaiKudasay as a battlemage
  3847 | D:4      | Gained mutation: You have a somewhat thin skeletal
                  | structure. (Dex +2, Stealth+) [potion of mutation]
  3847 | D:4      | Gained mutation: You occasionally shout uncontrollably at
                  | your foes. [potion of mutation]
  3847 | D:4      | Gained mutation: Your body sometimes deteriorates upon
                  | taking damage. [potion of mutation]
  3847 | D:4      | Gained mutation: Your tail ends in a venomous barb. [potion
                  | of mutation]
  4210 | D:5      | Entered Level 5 of the Dungeon
  4238 | D:5      | Reached skill level 5 in Unarmed Combat
  4247 | D:5      | Reached skill level 3 in Transmutations
  4289 | D:5      | Noticed an ogre
  4295 | D:5      | Killed an ogre
  4296 | D:5      | Reached XP level 6. HP: 43/43 MP: 5/9
  4451 | D:5      | Your scales start taking on a dull iron-grey colour.
  4451 | D:5      | Reached XP level 7. HP: 21/50 MP: 10/10
  4664 | D:5      | Lost mutation: You have a somewhat thin skeletal structure.
                  | (Dex +2, Stealth+) [potion of mutation]
  4664 | D:5      | Lost mutation: Your body sometimes deteriorates upon taking
                  | damage. [potion of mutation]
  4664 | D:5      | Gained mutation: Your flesh is cold resistant. (rC+)
                  | [potion of mutation]
  5110 | D:6      | Reached skill level 4 in Transmutations
  5171 | D:6      | Found a sand-covered staircase.
  5181 | Ossuary  | Entered an ossuary
  5380 | Ossuary  | Learned a level 4 spell: Ice Form
  6030 | Ossuary  | Reached XP level 8. HP: 55/55 MP: 11/11
  6160 | D:6      | Found a staircase to the Ecumenical Temple.
  6185 | Temple   | Entered the Ecumenical Temple
  6580 | D:6      | Noticed Prince Ribbit
  6587 | D:6      | Killed Prince Ribbit
  6588 | D:6      | Reached skill level 5 in Transmutations
  6996 | D:6      | Reached skill level 1 in Shields
  7100 | D:6      | Reached *** piety under Hepliaklqana
  7104 | D:6      | Noticed Blork the orc
  7110 | D:6      | Killed Blork the orc
  7519 | D:7      | Reached skill level 1 in Ice Magic
  7572 | D:7      | Reached XP level 9. HP: 60/63 MP: 6/12
  7686 | D:7      | Found a hazy altar of Hepliaklqana.
  8043 | D:7      | Identified the ring "Faefug" {rElec rC+++ Will+ rCorr Dex-3
                  | SInv}
  8612 | D:8      | Reached skill level 6 in Transmutations
  8647 | D:8      | Noticed a two-headed ogre
  8648 | D:8      | a two-headed ogre changed into a dream sheep
  8670 | D:8      | Reached skill level 7 in Transmutations
  8678 | D:8      | Noticed a gargoyle
  8691 | D:8      | Reached skill level 1 in Evocations
  8692 | D:8      | Killed a gargoyle
  8693 | D:8      | Reached skill level 8 in Transmutations
  8833 | D:8      | Reached XP level 10. HP: 58/72 MP: 10/13
  8842 | D:8      | Learned a level 3 spell: Spider Form
  8935 | D:8      | Found a staircase to the Lair.
  9215 | D:8      | Reached skill level 9 in Transmutations
 10176 | D:9      | Reached skill level 10 in Transmutations
 10218 | D:9      | Found a radiant altar of Vehumet.
 10220 | D:9      | Found a basalt altar of Yredelemnul.
 10229 | D:9      | Reached skill level 1 in Poison Magic
 10375 | D:9      | Identified the +5 scale mail "Heiw Dob" {rC+ rN+ Str-4}
 10748 | D:9      | Reached **** piety under Hepliaklqana
 10968 | D:10     | Entered Level 10 of the Dungeon
 11258 | D:10     | Found Vudoox's Distillery.
 11362 | D:10     | Noticed Gastronok
 11366 | D:10     | Bought a potion of curing for 42 gold pieces
 11366 | D:10     | Bought a potion of curing for 42 gold pieces
 11429 | D:10     | Reached skill level 5 in Spellcasting
 11737 | D:10     | Noticed a centaur warrior
 11745 | D:10     | Killed a centaur warrior
 11756 | D:10     | Reached XP level 11. HP: 25/76 MP: 2/20
 11779 | D:10     | HP: 3/76 [poisoned by a hornet]
 11781 | D:9      | Succumbed to a hornet's poison

Illustrated notes

Levels and vault maps discovered:
D:1:      dpeg_arrival_short_road, layout_basic, minmay_pentomino_r2
D:2:      layout_loops_ring, dreamdust_ecumenical_altar_angels_and_demons,
          amcnicky_mini_pool_small, hangedman_abyss_or_decor_stabs, uniq_natasha
D:3:      wad_crossroads, layout_loops_cross, nicolae_overflow_ecumenical_swirl,
          minmay_three_crescents
D:4:      layout_loops_ring
D:5:      layout_loops_ring
D:6:      layout_loops_ring, minmay_temple_entry_wispy,
          lightli_ossuary_entry_decrepit_ruins, uniq_blork_the_orc,
          uniq_prince_ribbit1
D:7:      layout_basic, nicolae_hepliaklqana_hippocampus, enter_bailey_8
D:8:      layout_loops_ring, erik_lair_orcish_takeover
D:9:      layout_basic, nicolae_overflow_squiral, kennysheep_generic_room_6
D:10:     layout_small_grid, serial_shops, nicolae_shop_statue_plus,
          minivault_20, minmay_gold_behind_fungi, serial_bayou_crossing,
          uniq_nergalle, uniq_gastronok
Temple:   mainiacjoe_temple_coin_purse

Skill      XL: |  1  2  3  4  5  6  7  8  9 10 |
---------------+-------------------------------+-----
Dodging        | 2 3 4 |  4.4
Unarmed Combat | 4 5 6 7 9 |  9.8
Transmutations | 3 4 5 8 10 | 10.2
Fighting       | 2 3 4 |  4.9
Shields        | 1 |  1.4
Ice Magic      | 1 2 3 |  3.5
Evocations     | 1 |  1.3
Poison Magic   | 1 |  1.0
Spellcasting   | 6 |  6.2
Short Blades   | |  0.7
Stealth        | |  0.4

Action                   |  1- 3 |  4- 6 |  7- 9 | 10-12 || total
-------------------------+-------+-------+-------+-------++-------
Melee: Unarmed           |   159 |   120 |   193 |   136 ||   608
       Tailslap          |    14 |    16 |    28 |    18 ||    76
       Punch             |     3 |    10 |     4 |     7 ||    24
       Headbutt          |     2 |     3 |    10 |    22 ||    37
       Kick              |     2 |     4 |     9 |    31 ||    46
       Staff             |       |       |     5 |       ||     5
       Dagger            |       |       |       |    15 ||    15
 Cast: Beastly Appendage |     1 |     4 |     9 |     9 ||    23
       Wereblood         |     1 |     2 |     3 |       ||     6
       Ice Form          |       |       |     3 |     1 ||     4
       Spider Form       |       |       |       |     7 ||     7
Invok: Recall Ancestor   |     1 |     1 |       |     1 ||     3
       Ancestor Identity |     1 |       |     1 |       ||     2
       Ancestor Life: Ba |       |     1 |       |       ||     1
       Transference      |       |       |     1 |       ||     1
Evoke: Wand              |       |       |     1 |       ||     1
  Use: Scroll            |       |     8 |     2 |     3 ||    13
       Potion            |       |     3 |     9 |     6 ||    18
 Stab: Sleeping          |     2 |     2 |     4 |       ||     8
       Distracted        |       |     1 |     3 |       ||     4
Armor: Skin              |    48 |    35 |    80 |    33 ||   196
Dodge: Dodged            |    93 |    54 |    99 |   114 ||   360
Block: Other             |       |     2 |    15 |       ||    17
       Reflection        |       |     1 |     1 |       ||     2
